 Dungeon Crawl Stone Soup version 0.31-a0-557-g6e16503903 (webtiles) character file.

Game seed: 6177767690312089819

7686 Arcadio the Thaumaturge (level 11, -2/54 HPs)
             Began as a Deep Elf Summoner on Aug 16, 2023.
             Was a Priest of Cheibriados.
             Slain by an eight-headed hydra (4 damage)
             ... on level 10 of the Dungeon.
             The game lasted 00:35:39 (10295 turns).

Arcadio the Thaumaturge (Deep Elf Summoner)        Turns: 10295, Time: 00:35:40

Health: -2/54      AC:  5    Str: 12    XL:     11   Next: 0%
Magic:  25/29      EV: 24    Int: 32    God:    Cheibriados [***...]
Gold:   547        SH:  0    Dex: 28    Spells: 13/35 levels left

rFire   . . .        z - +0 short sword (venom)
rCold   . . .        (no shield)
rNeg    + . .        a - +0 robe
rPois   .            (no helmet)
rElec   .            x - +1 cloak {Stlth+}
rCorr   .            N - +0 pair of gloves
SInv    .            (no boots)
Will    +....        (no amulet)
Stlth   ++++         f - ring of positive energy
HPRegen 0.29/turn    G - +6 ring of dexterity
MPRegen 0.21/turn

%: no passive effects
@: about to teleport, very slow
A: no striking features
a: Renounce Religion, Bend Time, Temporal Distortion


You were on level 10 of the Dungeon.
You worshipped Cheibriados.
Cheibriados was most pleased with you.
You visited 2 branches of the dungeon, and saw 11 of its levels.

You collected 547 gold pieces.

Inventory:

Hand Weapons
 c - a +0 dagger
 m - a +2 short sword
 p - a +3 short sword of speed
 z - a +0 short sword of venom (weapon)
 C - a +1 morningstar of protection
 J - a +2 vampiric dagger
Missiles
 E - a throwing net
Armour
 a - a +0 robe (worn)
 k - a +0 pair of gloves
 o - a +0 cloak
 x - a +1 cloak of stealth (worn)
 y - a scarf of repulsion
 D - a +1 cloak
 N - a +0 pair of gloves (worn)
Jewellery
 f - a ring of positive energy (left hand)
 G - a +6 ring of dexterity (right hand)
Wands
 u - a wand of paralysis (12)
 H - a wand of iceblast (1)
 L - a wand of flame (8)
Scrolls
 d - a scroll of fear {unknown}
 g - 5 scrolls of immolation
 h - 4 scrolls of brand weapon
 l - 4 scrolls of poison
 n - 2 scrolls of vulnerability
 s - 2 scrolls of teleportation
 t - a scroll of blinking {unknown}
 w - 2 scrolls of revelation {unknown}
 F - a scroll of amnesia {unknown}
 K - a scroll of fog {unknown}
 M - a scroll of enchant armour {unknown}
Potions
 b - 2 potions of magic
 e - 3 potions of curing
 i - 4 potions of might
 j - 3 potions of lignification
 q - a potion of mutation {unknown}
 v - a potion of brilliance {unknown}
 A - 2 potions of heal wounds
 B - 2 potions of resistance
 I - a potion of attraction {unknown}
 O - 2 potions of ambrosia {unknown}


   Skills:
 + Level 11.8 Dodging
 - Level 2.4 Stealth
 + Level 12.7 Spellcasting
 + Level 11.3 Summonings
 + Level 3.5 Fire Magic


You had 13 spell levels left.
You knew the following spells:

 Your Spells              Type           Power      Damage    Failure   Level
a - Summon Small Mammal   Summ           100%       N/A       1%          1
b - Call Imp              Summ           100%       N/A       1%          2
c - Call Canine Familiar  Summ           75%        N/A       1%          3
d - Summon Guardian Gole  Hex/Summ       54%        N/A       1%          3
e - Summon Lightning Spi  Summ/Air       54%        N/A       2%          4
f - Dragon's Call         Summ           37%        N/A       100%        9

Your spell library contained the following spells:

 Spells                   Type           Power      Damage    Failure   Level
 Foxfire                  Conj/Fire      100%       2x1d9     1%          1
 Slow                     Hex            80%        N/A       2%          1
 Confusing Touch          Hex            20%        N/A       7%          3
 Frozen Ramparts          Ice            40%        1d7       7%          3
 Vampiric Draining        Necr           20%        2d7       7%          3
 Vhi's Electric Charge    Tloc/Air       40%        N/A       7%          3
 Cause Fear               Hex            10%        N/A       22%         4
 Petrify                  Tmut/Erth      20%        N/A       22%         4
 Fireball                 Conj/Fire      15%        3d8       30%         5
 Arcjolt                  Conj/Air       10%        1d20      54%         5
 Metabolic Englaciation   Hex/Ice        10%        N/A       54%         5
 Plasma Beam              Fire/Air       15%        2x1d27    86%         6
 Starburst                Conj/Fire      15%        6d6       86%         6
 Maxwell's Capacitive Co  Air            10%        ∞         100%        8


Dungeon Overview and Level Annotations

Branches:
Dungeon (10/15) Zot: 39422  Temple (1/1) D:7 Zot: 8958    Lair (0/5) D:9
    Orc: D:9-12

Altars:
Ashenzari
Cheibriados
Dithmenos
Elyvilon
Fedhas
Gozag
Hepliaklqana
Kikubaaqudgha
Makhleb
Nemelex Xobeh
Okawaru
Qazlal
Ru
Sif Muna
Trog
Uskayaw
Vehumet
Wu Jian
Xom
Yredelemnul
Zin
The Shining One

Shops:
D:7 [   D:8 (


Message History

The kobold hits your lightning spire but does no damage. x2
Your warg closely misses the kobold.
Your warg barely misses the kobold.
The kobold barely misses your lightning spire.
Your warg bites the kobold!!
The kobold dies!
Cheibriados appreciates the change of pace.
Your lightning spire disappears in a puff of smoke!
Your guardian golem disappears in a puff of smoke!
Your warg disappears in a puff of smoke!
Magic restored.
Things that are here:
a +0 dagger; 5 poisoned darts; a kobold corpse
There is a large open door here.
You open the door.
You see here 8 stones.
As you open the door, it creaks loudly!
An eight-headed hydra comes into view.
You catch the helpless eight-headed hydra completely off-guard!
You puncture the eight-headed hydra!
The eight-headed hydra is lightly wounded.
The eight-headed hydra bites you. x2
The eight-headed hydra closely misses you.
The eight-headed hydra misses you. x2; The eight-headed hydra bites you.
The eight-headed hydra bites you!
The eight-headed hydra bites you but does no damage.
Casting: Call Canine Familiar (safe; 1% risk of failure)
Confirm with . or Enter, or press ? or * to list all spells.
An electric hum fills the air.
The eight-headed hydra misses you.
The eight-headed hydra bites you. x2; The eight-headed hydra misses you.
The eight-headed hydra bites you. The eight-headed hydra misses you.
The eight-headed hydra completely misses you.
The eight-headed hydra bites you.
As you read the scroll labelled VEFAEQ NUKK, it crumbles to dust.
You feel strangely unstable.
It was a scroll of teleportation.
The eight-headed hydra closely misses you.
The eight-headed hydra bites you!
* * * LOW HITPOINT WARNING * * *
The eight-headed hydra bites you.
You die...

.....# #..##### #... .....#
#......##########... .....#
#(.................. ####.#
#####....<.............. ...#.#
#.......................
...#.#####...................####
...#..................########...
...#............8...).#..........
####............@.....#+###......
..........>....D..........#......
...##########.............'......
...# ###'#####.....'...... ...#
... #.....#...... ...# .....
#.....#...... ...# .......
#.....#...... ...#
.........#.....#...... ...###
###+#######.....#......


You could see an eight-headed hydra (ally target) and a friendly lightning spire
(summoned).

Vanquished Creatures
  A troll (D:10)
  A wyvern (D:7)
  2 orc warriors
  A black bear (D:4)
  2 centaurs (D:9)
  A lemure (D:5)
  A scorpion (D:3)
  A howler monkey (D:9)
  3 hounds
  A jelly (D:5)
  An orc priest (D:8)
  A sleepcap (D:4)
  Jessica (D:2)
  An orc wizard (D:6)
  A gnoll (D:7)
  4 adders
  2 shadow imps (D:6)
  A white imp (D:7)
  2 ufetubi
  A worm (D:4)
  4 dart slugs
  7 orcs
  An endoplasm (D:3)
  A goblin (D:2)
  5 hobgoblins
  A quokka (D:4)
  4 ball pythons
  2 bats
  2 frilled lizards
  5 kobolds
61 creatures vanquished.

Vanquished Creatures (collateral kills)
  The ghost of WhatIsLove the Protected, a novice HOMo (D:5)
  Pikel (D:5)
  An elephant (D:9)
  A troll (D:9)
  Prince Ribbit (D:9)
  A shadow (D:10)
  4 yaks (D:9)
  A vampire (D:10)
  A wyvern (D:8)
  A vampire mosquito (D:10)
  Edmund (D:6)
  3 water moccasins
  2 black bears (D:9)
  2 ice beasts (D:6)
  2 ogres (D:7)
  2 centaurs
  2 kobold brigands
  2 bullfrogs
  2 scorpions (D:5)
  6 wights
  6 killer bees (D:6)
  5 hounds
  2 jellies
  7 orc priests
  Crazy Yiuf (D:3)
  A gnoll bouda (D:7)
  5 iguanas
  A sleepcap (D:6)
  8 orc wizards
  6 adders
  10 gnolls
  A shadow imp (D:6)
  2 white imps
  2 worms (D:3)
  3 dart slugs
  32 orcs
  3 bats
  5 endoplasms
  2 giant cockroaches
  2 goblins
  6 hobgoblins
  A quokka (D:1)
  3 ball pythons
  2 frilled lizards
  14 kobolds
  A spectral orc (D:10)
168 creatures vanquished.

Vanquished Creatures (others)
  A wizard (D:4)
  3 vampire mosquitoes (D:10)
  An acid dragon (D:10)
  An orc wizard (D:8)
  An orc (D:8)
7 creatures vanquished.

Grand Total: 236 creatures vanquished

Notes
Turn   | Place    | Note
-------+----------+-------------------------------------------
     0 | D:1      | Arcadio the Deep Elf Summoner began the quest for the Orb.
     0 | D:1      | Reached XP level 1. HP: 10/10 MP: 6/6
    74 | D:1      | Reached XP level 2. HP: 9/15 MP: 5/8
   315 | D:1      | You fall into a shaft and drop 1 floor!
   563 | D:1      | Learned a level 2 spell: Call Imp
   874 | D:2      | Reached XP level 3. HP: 8/19 MP: 7/10
  1291 | D:2      | Reached skill level 4 in Spellcasting
  1291 | D:2      | Reached skill level 5 in Summonings
  1477 | D:3      | Noticed Jessica
  1483 | D:2      | Killed Jessica
  1484 | D:2      | Reached XP level 4. HP: 24/24 MP: 8/12
  1566 | D:3      | Found a shimmering altar of Xom.
  1601 | D:3      | Noticed a scorpion
  1620 | D:3      | Killed a scorpion
  1621 | D:3      | Reached XP level 5. HP: 23/28 MP: 11/14
  1697 | D:3      | Reached skill level 5 in Spellcasting
  1773 | D:3      | Found a radiant altar of Vehumet.
  2061 | D:3      | Found a runed translucent door.
  2062 | D:3      | Noticed Crazy Yiuf
  2251 | D:3      | Killed Crazy Yiuf
  2379 | D:4      | Found a sparkling altar of Nemelex Xobeh.
  2548 | D:4      | Reached XP level 6. HP: 29/32 MP: 11/16
  2550 | D:4      | Reached skill level 5 in Dodging
  2555 | D:4      | Learned a level 3 spell: Call Canine Familiar
  2559 | D:4      | Learned a level 3 spell: Summon Guardian Golem
  2564 | D:4      | Learned a level 4 spell: Summon Lightning Spire
  2604 | D:4      | Found a broken altar of Ashenzari.
  2668 | D:4      | Found a bloodstained altar of Trog.
  2941 | D:4      | Reached skill level 6 in Spellcasting
  3023 | D:4      | Found a stormy altar of Qazlal.
  3027 | D:4      | Found a glowing golden altar of the Shining One.
  3232 | D:4      | Noticed a wizard
  3235 | D:4      | Killed a wizard
  3263 | D:5      | Entered Level 5 of the Dungeon
  3272 | D:5      | Noticed a water moccasin
  3467 | D:5      | Killed a water moccasin
  3468 | D:5      | Reached XP level 7. HP: 21/36 MP: 10/18
  3584 | D:5      | Noticed Pikel
  3758 | D:5      | Paralysed by Pikel for 3 turns
  3768 | D:5      | Paralysed by Pikel for 4 turns
  3777 | D:5      | Paralysed by Pikel for 3 turns
  3804 | D:5      | Paralysed by Pikel for 4 turns
  3808 | D:5      | Killed Pikel
  3809 | D:5      | Reached skill level 7 in Spellcasting
  3809 | D:5      | Reached XP level 8. HP: 40/41 MP: 6/21
  4260 | D:5      | Found a glowing silver altar of Zin.
  4260 | D:5      | Noticed an angel
  4289 | D:5      | Reached skill level 8 in Spellcasting
  4426 | D:5      | Found a runed translucent gate.
  4427 | D:5      | Found a runed translucent gate.
  4458 | D:5      | Found a runed translucent gate.
  4461 | D:5      | Noticed WhatIsLove's ghost (novice HOMo)
  4464 | D:5      | Identified the +1 mace of Light {chaos, Will+}
  4464 | D:5      | Identified the +8 ring mail of Trial and Error {rN+ Regen+
                  | Int-5}
  4911 | D:5      | Killed WhatIsLove's ghost
  4912 | D:5      | Reached skill level 9 in Spellcasting
  5166 | D:6      | Reached XP level 9. HP: 43/45 MP: 19/24
  5474 | D:6      | Found an ancient bone altar of Kikubaaqudgha.
  5908 | D:6      | Reached skill level 10 in Spellcasting
  6046 | D:6      | Noticed Edmund
  6060 | D:6      | Killed Edmund
  6339 | D:7      | Found a staircase to the Ecumenical Temple.
  6368 | Temple   | Entered the Ecumenical Temple
  6383 | Temple   | Became a worshipper of Cheibriados the Contemplative
  6439 | D:7      | Found Bicrog's Armour Shop.
  6585 | D:7      | Reached skill level 10 in Dodging
  6665 | D:7      | Reached skill level 11 in Spellcasting
  6665 | D:7      | Reached skill level 10 in Summonings
  6719 | D:7      | Found a hide-covered altar of Uskayaw.
  7021 | D:7      | Reached * piety under Cheibriados
  7903 | D:8      | Found Vefysopemp's Weapon Shop.
  8060 | D:8      | Reached XP level 10. HP: 47/50 MP: 27/27
  8428 | D:9      | Reached ** piety under Cheibriados
  8554 | D:9      | Found a sacrificial altar of Ru.
  8821 | D:9      | Noticed Prince Ribbit
  8835 | D:9      | Killed Prince Ribbit
  8929 | D:9      | Learned a level 9 spell: Dragon's Call
  8937 | D:9      | Found a staircase to the Lair.
  8939 | D:9      | Noticed an elephant
  8944 | D:9      | Reached skill level 12 in Spellcasting
  8950 | D:9      | Reached skill level 1 in Fire Magic
  8951 | D:9      | Killed an elephant
  9472 | D:10     | Entered Level 10 of the Dungeon
  9509 | D:10     | Found a basalt altar of Yredelemnul.
  9655 | D:10     | Reached *** piety under Cheibriados
  9887 | D:10     | Found a hazy altar of Hepliaklqana.
 10060 | D:10     | Found a shimmering blue altar of Sif Muna.
 10172 | D:10     | Reached XP level 11. HP: 54/54 MP: 19/29
 10290 | D:10     | Noticed an eight-headed hydra
 10295 | D:10     | HP: 2/54 [eight-headed hydra (12)]
 10295 | D:10     | Slain by an eight-headed hydra

Illustrated notes

Levels and vault maps discovered:
D:1:      dpeg_arrival_stonehenge_12_columns, layout_rooms, interstate_on_off
D:2:      layout_loops_ring, minmay_tromino_v2
D:3:      layout_rooms, nicolae_vehumet_radiance, xom_teletrap_fun,
          uniq_jessica, uniq_crazy_yiuf_cottage
D:4:      layout_cave_pools, kennysheep_little_box,
          chequers_temple_overflow_statue_of_worship, trog_wizard
D:5:      layout_loops_corners, zin_angel, biasface_ghost_orc_armoury,
          uniq_pikel
D:6:      layout_basic, mainiacjoe_overflow_surrounded_room,
          grunt_ministairs_15, minmay_unpleasant_kobolds, uniq_edmund
D:7:      layout_basic, mainiacjoe_overflow_24_doors, minmay_temple_entry_grid,
          serial_shops, shop, grunt_ogre_cave, minmay_starry_boxes
D:8:      layout_rooms, serial_shops, shop
D:9:      layout_irregular_city, nicolae_overflow_hidden_temple,
          david_lair_generic, uniq_prince_ribbit1
D:10:     layout_irregular_city, lemuel_tele_altar, led_sif_book,
          nicolae_hepliaklqana_monster_ancestors
Temple:   hellmonk_temple_forest_ring

Skill      XL: |  1  2  3  4  5  6  7  8  9 10 |
---------------+-------------------------------+-----
Dodging        | 3 4 5 7 8 10 11 | 11.8
Spellcasting   | 4 5 6 7 9 11 12 | 12.7
Summonings     | 5 6 7 8 10 11 | 11.3
Fire Magic     | 3 |  3.5
Stealth        | |  2.4

Action                     |  1- 3 |  4- 6 |  7- 9 | 10-12 || total
---------------------------+-------+-------+-------+-------++-------
  Melee: Dagger            |    60 |    57 |       |       ||   117
         Short sword       |       |    80 |   145 |    40 ||   265
         Punch             |       |       |     2 |     2 ||     4
   Cast: Summon Small Mamm |    34 |    26 |     5 |       ||    65
         Call Imp          |     7 |    28 |    50 |     1 ||    86
         Call Canine Famil |       |     4 |    50 |    18 ||    72
         Summon Lightning  |       |       |     6 |    20 ||    26
         Summon Guardian G |       |       |     1 |    13 ||    14
    Use: Scroll            |       |       |     9 |     2 ||    11
         Potion            |       |       |     1 |       ||     1
   Stab: Sleeping          |     1 |     2 |     6 |     1 ||    10
         Distracted        |       |       |     2 |     3 ||     5
 Armour: Robe              |    22 |    29 |    17 |    12 ||    80
  Dodge: Dodged            |    47 |   109 |   130 |    89 ||   375

Table legend: (Time is in decaauts)
 A = Elapsed time spent in this place.
 B = Non-inter-level travel time spent in this place.
 C = Inter-level travel time spent in this place.
 D = Time resting spent in this place.
 E = Time spent auto-exploring this place.
 F = Levels seen in this place.
 G = Mean time per level.
                   A        B        C        D        E       F      G
               +--------+--------+--------+--------+--------+-----+--------+
         Total |  11283 |  11036 |    247 |    791 |   7514 |  11 | 1025.7 |
       Dungeon |  11249 |  11002 |    247 |    791 |   7514 |  10 | 1124.9 |
        Temple |     34 |     34 |      0 |      0 |      0 |   1 |   34.0 |
               +--------+--------+--------+--------+--------+-----+--------+

Top non-repeatable levels by time:
     D:5: 1854 daAuts
     D:7: 1624 daAuts
     D:9: 1395 daAuts
     D:6: 1113 daAuts
    D:10: 1070 daAuts
     D:3: 944 daAuts
     D:8: 927 daAuts
     D:1: 849 daAuts
     D:4: 759 daAuts
     D:2: 709 daAuts
  Temple: 34 daAuts
